 Dungeon Crawl Stone Soup version 0.20.1-1-g8b1a95d (webtiles) character file.

136 Timinator the Insei (level 4, 0/35 HPs)
             Began as a Vampire Monk on Sept 3, 2017.
             Killed from afar by an orc wizard (14 damage)
             ... with a puff of frost
             ... on level 3 of the Dungeon.
             The game lasted 00:25:11 (1722 turns).

Timinator the Insei (Vampire Monk)                  Turns: 1722, Time: 00:25:11

Health: 0/35       AC:  6    Str: 10    XL:     4   Next: 98%
Magic:  4/4        EV: 12    Int: 12    God:
Gold:   97         SH:  0    Dex: 17    Spells: 3/3 levels left

rFire    . . .     SeeInvis +     - Unarmed
rCold    . . .     Gourm    .   (no shield)
rNeg     . . .     Faith    .   j - +0 ring mail
rPois    .         Spirit   .   (no helmet)
rElec    .         Reflect  .   (no cloak)
rCorr    .         Harm     .   (no gloves)
MR       .....                  i - +0 pair of boots
Stlth    ++........             (no amulet)
Regen    0.4/turn               (no ring)
MPRegen  0.1/turn               (no ring)

@: regenerating quickly
A: fangs 3, see invisible, unbreathing
a: no special abilities


You were on level 3 of the Dungeon.
You were full.

You visited 1 branch of the dungeon, and saw 3 of its levels.

You collected 97 gold pieces.

Inventory:

Armour
 a - a +0 robe
 i - a +0 pair of boots (worn)
 j - a +0 ring mail (worn)
Scrolls
 e - 2 scrolls of immolation {unknown}
 f - 2 scrolls of enchant weapon {unknown}
 h - a scroll of identify {unknown}
 l - 2 scrolls of teleportation {unknown}
 o - 2 scrolls of remove curse {unknown}
 p - a scroll of fear {unknown}
Potions
 b - 12 potions of blood
 c - 2 potions of flight {unknown}
 d - 2 potions of heal wounds {unknown}
 g - a potion of curing {unknown}
 k - a potion of mutation {unknown}
 n - 2 potions of lignification {unknown}


   Skills:
 + Level 3.1 Fighting
 - Level 0.2 Throwing
 * Level 1.4 Armour
 * Level 4.1 Dodging
 - Level 3.0 Stealth
 + Level 4.6 Unarmed Combat


You had 3 spell levels left.
You didn't know any spells.

Dungeon Overview and Level Annotations

Branches:
Dungeon (3/15)

Altars:


Innate Abilities, Weirdness & Mutations

Your natural rate of healing is unusually fast.
You have razor-sharp teeth.
You have supernaturally acute eyesight. (SInv)
You can survive without breathing.


Message History

You hit the orc wizard.
The orc wizard is lightly wounded.
The orc wizard looks encouraged for a moment.
The orc wizard hits you with a dagger.
You hit the orc wizard.
The orc wizard is moderately wounded.
The orc wizard casts a cantrip, but nothing happens.
You closely miss the orc wizard.
The orc wizard is moderately wounded.
The orc wizard barely misses you.
The orc wizard hits you but does no damage.
You hit the orc wizard.
The orc wizard is heavily wounded.
The orc wizard gestures at you while chanting.
The puff of frost hits you!
You hit the orc wizard.
The orc wizard is almost dead.
The orc wizard points at you and mumbles some strange words.
The puff of frost hits you!
You die...

##.......
#........
#........
#......#
#........
#.....[#
##........
#.......
......... .....#
#...((...
....#####...)....
#..#.(@oo#..o[.#
#######.#.#####
##### #.........#
#.######.## ##.#
#.# #..# #.#
#####.## #.# ##
......#### #.# #%
......<..# #.#
##.#


You could see an orc wizard and an orc.

Vanquished Creatures
  A scorpion (D:3)
  An adder (D:2)
  An ooze (D:1)
  3 worms
  2 dart slugs
  2 leopard geckos
  3 orcs (D:3)
  4 bats (D:1)
  3 giant cockroaches
  5 goblins
  4 hobgoblins
  10 jackals
  A ball python (D:3)
  3 frilled lizards
  7 kobolds
  7 rats
57 creatures vanquished.

Notes
Turn   | Place    | Note
-------+----------+-------------------------------------------
     0 | D:1      | Timinator the Vampire Monk began the quest for the Orb.
     0 | D:1      | Reached XP level 1. HP: 17/17 MP: 1/1
   284 | D:1      | Reached XP level 2. HP: 13/23 MP: 2/2
   526 | D:1      | Reached XP level 3. HP: 24/28 MP: 3/3
   965 | D:2      | Reached skill level 1 in Armour
  1292 | D:2      | Reached XP level 4. HP: 33/35 MP: 4/4
  1722 | D:3      | Killed from afar by an orc wizard

Skill      XL: |  1  2  3 |
---------------+----------+-----
Armour         | 1 |  1.4
Unarmed Combat | 4 |  4.6
Fighting       | 3 |  3.1
Dodging        | 4 |  4.1
Throwing       | |  0.2
Stealth        | |  3.0

Action                   |  1- 3 |  4- 6 || total
-------------------------+-------+-------++-------
Melee: Unarmed           |   154 |    73 ||   227
       Bite              |    15 |     9 ||    24
Throw: Tomahawk          |       |     6 ||     6
  Use: Potion            |     1 |       ||     1
 Stab: Sleeping          |    10 |       ||    10
  Eat: Corpse            |     7 |     1 ||     8
Armor: Robe              |     8 |       ||     8
       Ring mail         |    16 |    28 ||    44
Dodge: Dodged            |    80 |    27 ||   107
